 Dungeon Crawl Stone Soup version 0.29.0-11-gd7f09526c8 (webtiles) character file.

Game seed: 9373100666105567913

49165 DoubleLucky the Blocker (level 14, -7/143 HPs)
             Began as a Troll Fighter on Sept 4, 2022.
             Was the Champion of Qazlal.
             Mangled by a tyrant leech (14 damage)
             ... while paralysed by a hornet
             ... on level 5 of the Lair of Beasts.
             The game lasted 01:18:03 (15385 turns).

DoubleLucky the Blocker (Troll Fighter)            Turns: 15385, Time: 01:18:03

Health: -7/143     AC:  6    Str: 29    XL:     14   Next: 15%
Magic:  19/19      EV:  1    Int: 12    God:    Qazlal [******]
Gold:   1041       SH:  0    Dex:  9    Spells: 13/13 levels left

rFire   + . .      SeeInvis .     - Unarmed
rCold   + + .      Faith    .   s - +0 tower shield
rNeg    . . .      Spirit   .   w - +0 troll leather armour
rPois   .          Reflect  .   (helmet restricted)
rElec   +          Harm     .   f - scarf {rC+ rF+}
rCorr   +          Rampage  .   (gloves unavailable)
Will    +....                   (boots unavailable)
Stlth   +.........              x - amulet of regeneration
HPRegen 2.73/turn               h - ring of protection from cold
MPRegen 0.16/turn               R - ring of Piriut {rElec rCorr Int+6 Slay+3}

@: paralysed, lethally poisoned (-7 -> -8), hasted and slowed, repel missiles
A: large, unfitting armour, claws 3, regeneration 1, shaggy fur 1, tough skin 1
a: Renounce Religion, Upheaval, Elemental Force, Disaster Area


You were on level 5 of the Lair of Beasts.
You worshipped Qazlal.
Qazlal was exalted by your worship.
You visited 3 branches of the dungeon, and saw 19 of its levels.
You also visited: Ice Cave.

You collected 1592 gold pieces.
You spent 551 gold pieces at shops.

Inventory:

Hand Weapons
 C - a +2 hand axe of flaming
Missiles
 c - 12 poisoned darts (quivered)
 e - 95 stones
 i - 6 boomerangs
 k - 16 large rocks
 l - 2 throwing nets
 A - 17 javelins
 L - 7 curare-tipped darts
Armour
 b - a +0 kite shield
 f - a scarf of resistance (worn)
 s - a +0 tower shield (worn)
 w - a +0 troll leather armour (worn)
 N - +0 steam dragon scales
 Q - +0 acid dragon scales
Jewellery
 h - a ring of protection from cold (left claw)
 x - an amulet of regeneration (around neck)
 O - a ring of protection from cold
 R - the ring of Piriut (right claw) {rElec rCorr Int+6 Slay+3}
   (You found it in an ice cave)

   [ring of intelligence]

   Int:       It affects your intelligence (+6).
   Slay:      It affects your accuracy & damage with ranged weapons and melee
   (+3).
   rElec:     It insulates you from electricity.
   rCorr:     It protects you from acid and corrosion.
 S - a ring of ice
 T - an amulet of reflection
 V - an amulet of the acrobat
Wands
 a - a wand of polymorph (11)
 t - a wand of paralysis (13)
 D - a wand of light (9)
 E - a wand of digging (3)
 G - a wand of flame (55)
Scrolls
 d - a scroll of blinking {unknown}
 j - 5 scrolls of immolation
 n - 4 scrolls of teleportation
 r - 3 scrolls of brand weapon
 v - 2 scrolls of magic mapping {unknown}
 y - 3 scrolls of fear
 H - 2 scrolls of enchant armour {unknown}
 I - a scroll of torment {unknown}
 J - a scroll of fog {unknown}
 K - 3 scrolls of vulnerability {unknown}
 P - 2 scrolls of summoning {unknown}
 X - a scroll of amnesia
 Y - 2 scrolls of acquirement {unknown}
Potions
 g - 2 potions of berserk rage
 m - 8 potions of heal wounds
 o - 3 potions of brilliance {unknown}
 p - 4 potions of curing
 q - 4 potions of mutation
 u - 3 potions of haste
 z - 4 potions of resistance
 B - 3 potions of ambrosia
 F - 2 potions of invisibility {unknown}
 M - 2 potions of attraction {unknown}
 U - a potion of cancellation {unknown}
Miscellaneous
 W - a phantom mirror


   Skills:
 - Level 10.0 Fighting
 - Level 10.0 Throwing
 - Level 5.0 Armour
 - Level 5.0 Dodging
 + Level 12.0 Shields
 - Level 10.0 Unarmed Combat
 - Level 8.0 Invocations


You had 13 spell levels left.
You didn't know any spells.
Your spell library contained the following spells:

 Spells                   Type           Power      Damage    Failure   Level
 Magic Dart               Conj           0%         1d3       77%         1
 Shock                    Conj/Air       0%         1d3       77%         1
 Slow                     Hex            0%         N/A       77%         1
 Ensorcelled Hibernation  Hex/Ice        0%         N/A       88%         2
 Searing Ray              Conj           0%         2d4       88%         2
 Static Discharge         Conj/Air       0%         3-3/arc   88%         2
 Sublimation of Blood     Necr           0%         N/A       88%         2
 Confusing Touch          Hex            0%         N/A       98%         3
 Portal Projectile        Hex/Tloc       0%         N/A       98%         3
 Spider Form              Tmut/Pois      0%         N/A       98%         3
 Swiftness                Air            0%         N/A       98%         3
 Tukima's Dance           Hex            0%         N/A       98%         3
 Vampiric Draining        Necr           0%         2d6       98%         3
 Airstrike                Air            0%         2d(0-16)  100%        4
 Anguish                  Hex/Necr       0%         N/A       100%        4
 Fulminant Prism          Conj/Hex       0%         3d6       100%        4
 Petrify                  Tmut/Erth      0%         N/A       100%        4
 Blade Hands              Tmut           0%         N/A       100%        5
 Freezing Cloud           Conj/Ice/Air   0%         6-21      100%        5
 Irradiate                Conj/Tmut      0%         3d11      100%        5
 Lightning Bolt           Conj/Air       0%         1d11      100%        5
 Yara's Violent Unravell  Hex/Tmut       0%         3d3       100%        5
 Simulacrum               Ice/Necr       0%         N/A       100%        6
 Dragon Form              Tmut           0%         N/A       100%        7
 Enfeeble                 Hex            0%         N/A       100%        7
 Maxwell's Capacitive Co  Air            0%         ∞         100%        8
 Polar Vortex             Ice            0%         N/A       100%        9


Dungeon Overview and Level Annotations

Branches:
Dungeon (13/15)            Temple (1/1) D:5            Lair (5/5) D:11
 Shoals (0/4) Lair:2       Spider (0/4) Lair:2        Slime (0/5) Lair:5
    Orc (0/2) D:10          IceCv (visited)
 Vaults: D:13-14

Altars:
Ashenzari
Cheibriados
Dithmenos
Elyvilon
Fedhas
Gozag
Hepliaklqana
Kikubaaqudgha
Makhleb
Nemelex Xobeh
Okawaru
Qazlal
Ru
Sif Muna
Trog
Uskayaw
Vehumet
Wu Jian
Xom
Yredelemnul
Zin
The Shining One
Jiyva

Shops:
D:8 *[*

Annotations:
D:3 2 transporters, Bartlander's ghost, amateur HOFi
D:7 3 exclusions, Joseph
D:10 2 runed translucent doors
Lair:2 3 runed translucent doors, Huxoxzufuz's ghost, journeyman GnFi
Lair:5 1 runed translucent door


Innate Abilities, Weirdness & Mutations

You are too large for most types of armour.
You have claws for hands.
Your natural rate of healing is unusually fast.
You are covered in fur. (AC +1)
You have tough skin. (AC +1)


Message History

You feel as though you will be slow longer.
You feel much better.
You feel very sick.
The hornet is engulfed in freezing vapours.
You block the hornet's attack. The hornet stings you!
* * * LOW HITPOINT WARNING * * *
You feel as though you will be slow longer.
A tyrant leech comes into view.
You block the tyrant leech's attack.
The hornet is engulfed in freezing vapours.
You block the hornet's attack. The hornet attacks as you move away!
You block the hornet's attack.
You feel yourself speed up.
You feel very sick.
The tyrant leech is engulfed in freezing vapours.
You feel sick.
You hear an angry buzzing noise.
The hornet is engulfed in blazing flames.
You kill the hornet!
Qazlal accepts your kill.
The hornet is engulfed in freezing vapours.
Being near the torpor snail leaves you feeling lethargic.
You closely miss the hornet.
The hornet is lightly wounded.
You feel very sick.
The hornet is engulfed in blazing flames.
The hornet stings you!
* * * LOW HITPOINT WARNING * * *
You suddenly lose the ability to move!
You feel sick.
You hear a roar!
The hornet is engulfed in blazing flames.
The hornet stings you!
* * * LOW HITPOINT WARNING * * *
You are more poisoned.
You feel as though you will be slow longer.
You feel very sick.
You hear an angry buzzing noise.
The tyrant leech bites you!
You die...

###########
#.##.P.##.# ###
###........## ....
##....###....###....P
##....## ##.....#..#
#⌠..##.# ###○.w..##
##...### #w#wy..#
#+#...### ##@#....P.
$D###....# ####.....
$.$ ##..## #w... $$
##..## ..#. $$ #...#
#.# $ #####!.# ## #
##..#.P## ####.#...##
#...#.....#


You could see 2 tyrant leeches, a torpor snail and a hornet.

Vanquished Creatures
  2 hydras
  A boulder beetle (D:8)
  An ice dragon (IceCv)
  2 catoblepae
  A centaur warrior (D:13)
  2 two-headed ogres
  A dancing weapon (D:13)
  A death yak (Lair:4)
  Urug (Lair:2)
  3 cyclopes
  3 merfolk sirens (Lair:2)
  13 elephants
  An eye of devastation (Lair:5)
  5 black mambas
  2 ice statues (IceCv)
  7 cane toads
  2 gargoyles (D:12)
  3 unseen horrors (D:12)
  4 torpor snails
  8 rime drakes
  Maggie (D:8)
  3 komodo dragons
  A polar bear (Lair:5)
  3 trolls (D:12)
  A hornet (Lair:5)
  21 blink frogs
  A merfolk (Lair:2)
  Prince Ribbit (D:7)
  A slime creature (D:6)
  10 dream sheep
  49 yaks
  4 wraiths
  6 wyverns
  2 basilisks (Lair:5)
  Grum (Lair:1)
  4 steam dragons
  7 vampire mosquitoes
  An acid dragon (D:10)
  A floating eye (Lair:5)
  11 water moccasins
  2 swamp drakes (Lair:5)
  An orc warrior (D:6)
  A sky beast (D:7)
  4 black bears
  An ice beast (D:6)
  2 ogres
  6 centaurs
  2 wolves (Lair:1)
  5 phantoms
  3 kobold brigands
  A necrophage (D:8)
  17 bullfrogs
  2 gnoll sergeants
  A water moccasin zombie (D:4)
  3 scorpions
  15 wights
  10 killer bees
  3 lindwurm simulacra (IceCv)
  An electric eel (D:10)
  6 howler monkeys
  4 komodo dragon simulacra (IceCv)
  A bullfrog zombie (D:4)
  7 jellies
  3 orc priests
  2 gnoll boudas
  5 hounds
  A scorpion zombie (D:4)
  4 iguanas
  6 orc wizards
  2 human simulacra (D:11)
  3 hound skeletons
  Robin (D:4)
  9 acid dragon simulacra (IceCv)
  6 adders
  25 gnolls
  A shadow imp (D:6)
  2 ufetubi
  5 steam dragon simulacra (IceCv)
  An adder zombie (D:4)
  A worm (D:3)
  3 dart slugs
  33 orcs
  3 ball pythons
  27 endoplasms
  A giant cockroach (D:2)
  15 goblins
  9 hobgoblins
  2 jackals (D:3)
  6 quokkas
  6 bats
  3 frilled lizards
  21 kobolds
  4 rats
500 creatures vanquished.

Vanquished Creatures (collateral kills)
  A water moccasin (Lair:4)
1 creature vanquished.

Vanquished Creatures (others)
  53 fungi
  78 plants
  A withered plant (D:4)
132 creatures vanquished.

Grand Total: 633 creatures vanquished

Notes
Turn   | Place    | Note
-------+----------+-------------------------------------------
     0 | D:1      | DoubleLucky the Troll Fighter began the quest for the Orb.
     0 | D:1      | Reached XP level 1. HP: 22/22 MP: 0/0
   117 | D:1      | Reached XP level 2. HP: 29/29 MP: 1/1
   816 | D:2      | Reached XP level 3. HP: 32/36 MP: 2/2
  1039 | D:2      | Reached XP level 4. HP: 44/44 MP: 3/3
  1082 | D:2      | Identified the +3 short sword of Koapofol {spect, rF+ rC+
                  | rCorr Int+2}
  1232 | D:2      | Found a faded altar of an unknown god.
  1495 | D:3      | Reached skill level 5 in Unarmed Combat
  1500 | D:3      | Reached XP level 5. HP: 33/50 MP: 4/4
  1650 | D:3      | You fall into a shaft and drop 3 floors!
  1686 | D:6      | Noticed a phantom
  1700 | D:6      | Killed a phantom
  1701 | D:6      | Reached XP level 6. HP: 38/61 MP: 5/5
  1747 | D:6      | Noticed an ice beast
  1761 | D:6      | Killed an ice beast
  1855 | D:6      | Reached skill level 3 in Shields
  1855 | D:6      | Reached XP level 7. HP: 66/70 MP: 6/6
  1931 | D:5      | Entered Level 5 of the Dungeon
  2024 | D:5      | Reached skill level 4 in Shields
  2183 | D:4      | Reached skill level 5 in Shields
  2377 | D:4      | Reached skill level 6 in Shields
  2430 | D:4      | Reached XP level 8. HP: 76/79 MP: 7/7
  2454 | D:4      | Found a radiant altar of Vehumet.
  2454 | D:4      | Found a hazy altar of Hepliaklqana.
  2493 | D:3      | Found a shimmering altar of Xom.
  2498 | D:3      | Found a glowing golden altar of the Shining One.
  2602 | D:3      | Found a transporter.
  2604 | D:3      | Noticed Bartlander's ghost (amateur HOFi)
  2605 | D:3      | Found a transporter.
  2951 | D:4      | Reached skill level 5 in Fighting
  3020 | D:4      | Found an opulent altar of Gozag.
  3186 | D:4      | Noticed Robin
  3253 | D:4      | Killed Robin
  3359 | D:4      | Found a glowing silver altar of Zin.
  3659 | D:5      | Found a staircase to the Ecumenical Temple.
  3667 | Temple   | Entered the Ecumenical Temple
  3825 | Temple   | Became a worshipper of Qazlal Stormbringer
  5382 | D:6      | Noticed a slime creature
  5400 | D:6      | Killed a slime creature
  5401 | D:6      | Reached XP level 9. HP: 83/93 MP: 8/8
  5469 | D:7      | Reached * piety under Qazlal
  5498 | D:7      | Reached skill level 1 in Throwing
  5568 | D:7      | Noticed Prince Ribbit
  5584 | D:7      | Killed Prince Ribbit
  5654 | D:7      | Reached skill level 5 in Throwing
  5695 | D:7      | Noticed Joseph
  5944 | D:7      | Reached ** piety under Qazlal
  6147 | D:8      | Found Nimeuja's Antique Armour Shoppe.
  6219 | D:8      | Found a broken altar of Ashenzari.
  6339 | D:8      | Found Onita's Neck Hole.
  6369 | D:8      | Bought a scarf of resistance for 352 gold pieces
  6369 | D:8      | Bought a +0 cloak for 49 gold pieces
  6440 | D:8      | Found a burning altar of Makhleb.
  6523 | D:8      | Reached skill level 7 in Shields
  6768 | D:8      | Noticed a boulder beetle
  6773 | D:8      | Reached XP level 10. HP: 83/104 MP: 9/9
  6793 | D:8      | Killed a boulder beetle
  6911 | D:8      | Noticed Maggie
  6931 | D:8      | Killed Maggie
  6932 | D:8      | Reached skill level 8 in Shields
  6987 | D:8      | Found Ikued's General Store.
  6994 | D:8      | Bought a potion of heal wounds for 50 gold pieces
  6994 | D:8      | Bought 2 potions of heal wounds for 100 gold pieces
  7065 | D:8      | Found a sparkling altar of Nemelex Xobeh.
  7065 | D:8      | Found a hide-covered altar of Uskayaw.
  7215 | D:9      | Noticed a two-headed ogre
  7227 | D:9      | Killed a two-headed ogre
  7228 | D:9      | Reached skill level 9 in Shields
  7566 | D:9      | Reached skill level 10 in Shields
  7993 | D:10     | Entered Level 10 of the Dungeon
  8068 | D:10     | Reached *** piety under Qazlal
  8200 | D:10     | Found a runed translucent door.
  8268 | D:10     | Found a staircase to the Orcish Mines.
  8309 | D:10     | Noticed a cyclops
  8315 | D:10     | Killed a cyclops
  8336 | D:10     | Reached XP level 11. HP: 111/111 MP: 10/10
  8571 | D:10     | Found a runed translucent door.
  8574 | D:10     | Noticed a catoblepas
  9143 | D:11     | Noticed a boulder beetle
  9166 | D:10     | Reached skill level 10 in Unarmed Combat
  9207 | D:11     | Reached skill level 1 in Armour
  9215 | D:11     | Found a frozen archway.
  9252 | IceCv    | Entered an ice cave
  9255 | IceCv    | Reached **** piety under Qazlal
  9565 | IceCv    | Noticed an ice dragon
  9590 | IceCv    | Killed an ice dragon
  9591 | IceCv    | Reached skill level 5 in Armour
  9679 | IceCv    | Identified the ring of Piriut {rElec rCorr Int+6 Slay+3}
  9893 | D:11     | Found a staircase to the Lair.
  9924 | D:11     | Noticed a two-headed ogre
  9952 | D:11     | Killed a two-headed ogre
  9953 | D:11     | Reached XP level 12. HP: 123/123 MP: 11/11
 10422 | D:12     | Reached ***** piety under Qazlal
 10595 | D:12     | Reached skill level 10 in Fighting
 11043 | D:13     | Noticed a centaur warrior
 11044 | D:13     | Noticed a two-headed ogre
 11047 | D:13     | Killed a centaur warrior
 11047 | D:13     | Noticed a catoblepas
 11065 | D:13     | Noticed a rakshasa
 11136 | Lair:1   | Entered Level 1 of the Lair of Beasts
 11152 | Lair:1   | Noticed Grum
 11174 | Lair:1   | Killed Grum
 11175 | Lair:1   | Reached skill level 5 in Dodging
 11908 | Lair:2   | Reached skill level 11 in Shields
 11977 | Lair:2   | Noticed Urug
 11993 | Lair:2   | Killed Urug
 12118 | Lair:2   | Reached skill level 12 in Shields
 12139 | Lair:2   | Found a staircase to the Shoals.
 12155 | Lair:2   | Found a hole to the Spider Nest.
 12178 | Lair:2   | Reached XP level 13. HP: 133/133 MP: 12/12
 12389 | Lair:2   | Found a runed translucent gate.
 12389 | Lair:2   | Found a runed translucent gate.
 12389 | Lair:2   | Found a runed translucent gate.
 12389 | Lair:2   | Noticed Huxoxzufuz's ghost (journeyman GnFi)
 12524 | Lair:2   | You fall into a shaft and drop 2 floors!
 13354 | Lair:3   | Reached skill level 10 in Throwing
 13357 | Lair:3   | Reached skill level 1 in Invocations
 13589 | Lair:3   | Reached ****** piety under Qazlal
 14198 | Lair:4   | Reached skill level 5 in Invocations
 14582 | Lair:5   | Entered Level 5 of the Lair of Beasts
 14724 | Lair:5   | Found a viscous altar of Jiyva.
 14728 | Lair:5   | Found a staircase to the Slime Pits.
 14770 | Lair:5   | Reached XP level 14. HP: 114/143 MP: 18/18
 15343 | Lair:5   | Found a runed translucent door.
 15377 | Lair:5   | Paralysed by a hornet for 2 turns
 15378 | Lair:5   | HP: 5/143 [hornet (12)]
 15383 | Lair:5   | Paralysed by a hornet for 3 turns
 15385 | Lair:5   | HP: 7/143 [poisoned by a hornet]
 15385 | Lair:5   | Mangled by a tyrant leech

Illustrated notes

Levels and vault maps discovered:
D:1:      sevenhm_arrival_forest_fort_small_3, layout_loops_cross
D:2:      layout_basic, serial_glass, glass_columns_a, glass_columns_b,
          dilly_ecumenical_altar_fadedgnrine, minmay_domino_2
D:3:      layout_basic, jmf_multi_god_temple, gammafunk_ghost_arena
D:4:      layout_basic, pdpol_temple_overflow_zin_treasury_gozag_greed,
          gammafunk_temple_overflow_wave, serial_undead, serial_undead_a,
          serial_undead_e, serial_undead_c, serial_undead_e, uniq_robin
D:5:      layout_layer_cave, minmay_temple_entry_hall, serial_park_tiny_1,
          serial_bayou_lake_a
D:6:      lemuel_slime, layout_loops_ring, chequers_serial_rivers_marsh,
          fountainhead, lemuel_old_faithful
D:7:      layout_basic, minmay_tree_intersection, hangedman_decor_peaks_small,
          uniq_joseph, uniq_prince_ribbit1
D:8:      layout_loops_corners, lemuel_tele_altar,
          chequers_temple_overflow_statue_of_worship,
          makhleb_blood_cavern_becter, serial_shops, shop_statue,
          nicolae_stop_n_shop_1, amcnicky_mini_pool_small, serial_bayou_pond_a,
          nicolae_shop_sticking_my_neck_out, uniq_maggie
D:9:      layout_irregular_city
D:10:     cheibrodos_histonic, layout_basic, orc_0_dummy, lightli_minifort
D:11:     layout_cave_pools, due_lair_maze_entry_diamond, portal_ice_cave_rime,
          bh_circular_ruins
D:12:     layout_rooms
D:13:     layout_rooms, erik_vaults_1
Temple:   nicolae_temple_bog_church
Lair:1:   layout_roguey, uniq_grum
Lair:2:   layout_regular_city, elwin_shoals_entry_stream, dummy_spider_entry,
          gammafunk_ghost_necromancy, nicolae_lair_grove_arrangements, uniq_urug
Lair:3:   layout_cave_pods
Lair:4:   layout_roguey
Lair:5:   guppyfry_lair_end_dragon, layout_gridlike, wormcave,
          minmay_slime_entry_eyes

Skill      XL: |  1  2  3  4  5  6  7  8  9 10 11 12 13 14 |
---------------+-------------------------------------------+-----
Unarmed Combat | 3 4 5 6 7 10 | 10.0
Fighting       | 3 4 7 8 9 10 | 10.0
Shields        | 3 6 7 10 12 | 12.0
Throwing       | 6 10 | 10.0
Armour         | 5 |  5.0
Dodging        | 5 |  5.0
Invocations    | 6 8 |  8.0

Action                   |  1- 3 |  4- 6 |  7- 9 | 10-12 | 13-15 || total
-------------------------+-------+-------+-------+-------+-------++-------
Melee: Unarmed           |    68 |   104 |   426 |   688 |   342 ||  1628
       Punch             |     1 |     4 |       |       |       ||     5
       Hand axe          |       |       |       |       |    11 ||    11
Throw: Stone             |       |     2 |    28 |    15 |       ||    45
       Dart              |       |       |       |    21 |     4 ||    25
       Boomerang         |       |       |       |    16 |     4 ||    20
Invok: Elemental Force   |       |       |       |       |     1 ||     1
Evoke: Wand              |       |       |       |     2 |       ||     2
  Use: Potion            |       |     1 |     1 |     2 |     5 ||     9
       Scroll            |       |       |     5 |     8 |     3 ||    16
 Stab: Sleeping          |     1 |       |       |       |       ||     1
       Petrified         |       |       |       |       |    15 ||    15
Armor: Robe              |    21 |    25 |    63 |     1 |       ||   110
       Steam dragon scal |       |       |       |    57 |       ||    57
       Acid dragon scale |       |       |       |    68 |       ||    68
       Troll leather arm |       |       |       |    34 |    98 ||   132
Dodge: Dodged            |    47 |    37 |    87 |   193 |    77 ||   441
       Repelled          |       |       |       |     5 |     1 ||     6
Block: Kite shield       |       |     4 |   177 |   329 |       ||   510
       Tower shield      |       |       |       |   244 |   419 ||   663
